 Dungeon Crawl Stone Soup version 0.13.1-28-g3517093 (console) character file.

74862 WrathOfTrog the Severer (level 15, -6/123 HPs)
             Began as a Centaur Berserker on Mar 16, 2014.
             Was an Elder of Trog.
             Mangled by a flayed ghost (14 damage)
             ... on Level 20 of the Dungeon on Mar 17, 2014.
             The game lasted 03:29:55 (16407 turns).

WrathOfTrog the Severer (Centaur Berserker)        Turns: 16407, Time: 03:29:55

HP  -6/123       AC 21     Str 25      XL: 15   Next:  5%
MP   4/4         EV 11     Int  7      God: Trog [****..]
Gold 1010        SH  0     Dex 12      Spells:  0 memorised, 14 levels left

Res.Fire  : + . .   See Invis. : .   u - +7,+4 executioner's axe (antimagic)
Res.Cold  : + . .   Warding    : .   m - +2 leather armour {rF+}
Life Prot.: . . .   Conserve   : .   (no shield)
Res.Poison: .       Res.Corr.  : .   (no helmet)
Res.Elec. : .       Clarity    : .   G - +2 cloak
Sust.Abil.: . .     Spirit.Shd : .   t - +0 pair of gauntlets {Dex+3}
Res.Mut.  : .       Stasis     : .   T - +4 centaur barding {Stlth+}
Res.Rott. : .       Flight     : .   (no amulet)
Saprovore : . . .                    P - ring of sustenance
                                     D - ring of protection from cold

@: regenerating, exhausted, slowed, flayed, very resistant to hostile
enchantments, fairly stealthy
A: hooves 3, deformed body, herbivore 1, speed 2, fast metabolism 1, tough skin
3
a: Burn Spellbooks, Berserk, Trog's Hand, Brothers in Arms, Renounce Religion


You were on level 20 of the Dungeon.
You worshipped Trog.
Trog was greatly pleased with you.
You were very hungry.

You visited 4 branches of the dungeon, and saw 34 of its levels.
You also visited: Labyrinth and Ice Cave.

You collected 2442 gold pieces.
You spent 1452 gold pieces at shops.

Inventory:

Hand weapons
 p - a +0 blowgun
 u - a +7,+4 anti-magic executioner's axe (weapon)
Armour
 m - a +2 leather armour of fire resistance (worn)
 r - a +0 cloak of preservation
 t - a +0 pair of gauntlets of dexterity (worn)
 G - a +2 cloak (worn)
 T - a +4 centaur barding of stealth (worn)
Magical devices
 f - a wand of paralysis (14)
 o - a wand of hasting (3)
 R - a wand of polymorph (4)
 Z - a wand of teleportation (2)
Comestibles
 c - 9 bread rations
 g - a chunk of centaur flesh
 s - 2 meat rations
 Q - a sausage
Scrolls
 e - 3 scrolls of fog
 j - 3 scrolls of fear
 A - 2 scrolls of summoning
 B - 5 scrolls of remove curse
 C - 2 scrolls of recharging
 E - 5 scrolls of noise
 H - a scroll of holy word {unknown}
 U - 4 scrolls of immolation
 V - 4 scrolls of teleportation
 Y - a scroll of blinking
Jewellery
 n - an uncursed ring of protection from fire
 x - an uncursed amulet of rage
 y - an uncursed amulet of resist corrosion {unknown}
 D - a ring of protection from cold (left hand)
 I - a +5 ring of intelligence
 K - a +5 ring of intelligence
 L - an uncursed ring of flight
 O - an uncursed ring of sustain abilities
 P - a ring of sustenance (right hand)
 X - an uncursed ring of teleportation
Potions
 d - 5 potions of curing
 h - a potion of porridge
 i - a potion of speed
 k - 7 potions of brilliance
 l - 2 potions of agility
 v - 2 potions of flight
 w - 2 potions of heal wounds
 z - 4 potions of restore abilities
 F - a potion of berserk rage
 W - a potion of might
Books
 a - a book of Spatial Translocations

   Spells                             Type                      Level
   Apportation                        Translocation                1
   Portal Projectile                  Translocation                2
   Blink                              Translocation                2
   Shroud of Golubria                 Charms/Translocation         2
   Teleport Other                     Translocation                3
   Passage of Golubria                Translocation                4
   Trog disapproves of the use of such an item.
 q - a book of Cantrips

   Spells                             Type                      Level
   Confusing Touch                    Hexes                        1
   Animate Skeleton                   Necromancy                   1
   Summon Small Mammal                Summoning                    1
   Apportation                        Translocation                1
   Trog disapproves of the use of such an item.
 S - a book of Burglary

   Spells                             Type                      Level
   Apportation                        Translocation                1
   Swiftness                          Charms/Air                   2
   Passwall                           Transmutation/Earth          3
   Passage of Golubria                Translocation                4
   Lee's Rapid Deconstruction         Earth                        5
   Darkness                           Hexes                        7
   Trog disapproves of the use of such an item.
Miscellaneous
 b - a fan of gales
 M - a stone of tremors
 N - an ornate deck of wonders {Wild Magic}
Rods
 J - a +6 rod of demonology (14/14)
   (You found it in a labyrinth)


   Skills:
 + Level 9.1 Fighting
 * Level 18.3 Axes
 - Level 7.7 Armour
 + Level 8.7 Dodging
 - Level 1.3 Evocations


You had 14 spell levels left.
You didn't know any spells.

Dungeon Overview and Level Annotations

Branches:
Dungeon (20/27)               Orc (4/4) D:10            Elf (0/3) Orc:3
   Lair (8/8) D:11          Swamp (0/5) Lair:3        Snake (0/5) Lair:6
  Slime (0/6) Lair:8       Vaults (2/5) D:15
 Temple: D:4-7        Crypt: Vaults:2-3

Altars:
Elyvilon
Fedhas
Makhleb
Jiyva

Shops:
D:7 [   D:9 (   D:11 =   D:15 *   Orc:2 /   Orc:4 /(([

Portals:
Trove: D:19 (give 2 scrolls of acquirement)

Annotations:
D:8 Edmund
D:17 Agnes, Louise
D:18 Mara
Orc:3 Urug


Innate Abilities, Weirdness & Mutations

You have hooves in place of feet.
Armour fits poorly on your strangely shaped body.
You digest meat inefficiently.
You cover ground very quickly.
You have a fast metabolism.
You have extremely tough skin (AC +3).


Message History

You kill the brown ugly thing!
Trog accepts your kill.
You see here an ugly thing corpse.
You offer a prayer to Trog.
The ugly thing corpse is consumed in a column of flame.
Trog is greatly pleased with you.
You feel a strong urge to attack something.
You feel your anger subside.
You are no longer berserk.
You are exhausted.
You feel yourself slow down.
You are feeling very hungry.
You slash the flayed ghost! You kick the flayed ghost.
The flayed ghost is moderately damaged.
The flayed ghost hits you!
* * * LOW HITPOINT WARNING * * *
You closely miss the flayed ghost. You kick the flayed ghost!
The flayed ghost is heavily damaged.
The flayed ghost hits you!
You die...

......# ......?#
........# ..#
.........# ...#
.........###...#
.................
.................. .
...###...p##........#
#...@##....##..#
#.)..##....##..#
#....##....##..#
....###....##........#
............).........#
....>.>..............#
.....................#
############...####..#
#...# #..#


You could see a flayed ghost.

Vanquished Creatures
  2 vault wardens (Vaults:2)
  The ghost of sonasty the Severer, a powerful MiBe of Trog (Lair:4)
  A blizzard demon (IceCv)
  A minotaur (Lab)
  2 ogre magi
  The ghost of CrazyArbalest the Basher, a powerful DsHu of Okawaru (Lair:6)
  2 great orbs of eyes
  Josephine (Orc:2)
  An ice dragon (D:15)
  A ravenous feature mimic (Vaults:2)
  8 death yaks (Lair:7)
  The ghost of WrathOfTrog the Cleaver, an experienced HOBe of Trog (Orc:2)
  The ghost of WrathOfTrog the Severer, a powerful DDBe of Trog (D:15)
  An orc high priest (Orc:4)
  3 centaur warriors
  6 ice devils (IceCv)
  An unseen horror (D:15)
  An orc knight (D:16)
  3 ice statues (IceCv)
  11 hill giants
  An orc sorcerer (Orc:2)
  A giant amoeba (D:19)
  A griffon (D:19)
  A wolf spider (Vaults:1)
  4 cyclopes
  2 black mambas (Lair:6)
  6 spiny frogs
  A vault sentinel (Vaults:2)
  A feature mimic (D:15)
  2 yaktaurs (Vaults:1)
  A troll (D:16)
  A fire drake (Lair:3)
  7 komodo dragons
  4 blue devils (IceCv)
  A polar bear (Lair:7)
  3 spriggans (Lair:8)
  A minotaur zombie (Lab)
  10 two-headed ogres
  5 grizzly bears
  A boulder beetle (Vaults:2)
  16 slime creatures
  26 yaks
  A shadow (D:16)
  17 ugly things
  A trapdoor spider (D:17)
  4 basilisks
  A wraith (D:13)
  A vampire (D:19)
  2 hill giant zombies
  8 hippogriffs
  20 wolves
  A manticore (D:10)
  2 hungry ghosts
  A hell hound (Lair:6)
  3 hill giant skeletons
  A rock worm (D:19)
  A soldier ant (D:13)
  2 mottled dragons
  An iron troll simulacrum (IceCv)
  14 orc warriors
  A hydra simulacrum (D:16)
  6 porcupines
  A deep troll skeleton (D:20)
  4 ice beasts
  6 black bears
  13 ogres
  2 phantoms
  A yellow wasp (D:8)
  2 sky beasts
  A fire crab zombie (D:16)
  3 big kobolds
  9 crocodiles
  9 giant frogs
  2 giant slug zombies
  6 wargs
  3 giant slugs
  10 centaurs
  9 water moccasins
  A cyclops zombie (D:12)
  4 agate snails
  A boulder beetle zombie (D:18)
  A troll zombie (Orc:2)
  13 wights
  2 troll skeletons
  6 hounds
  4 crimson imps
  2 goliath beetles
  A quasit (D:6)
  A gnoll shaman (D:7)
  A big fish (D:11)
  27 orc priests
  A giant frog skeleton (D:5)
  4 jellies
  16 orc wizards
  A giant frog zombie (D:11)
  3 iguanas
  7 worker ants
  An orange rat (D:11)
  12 sheep
  5 boggarts (D:16)
  Terence (D:2)
  17 adders
  4 gnolls (D:7)
  35 green rats
  A steam dragon zombie (D:7)
  3 giant centipedes
  A goliath beetle zombie (D:12)
  2 worms
  A giant mite (Lair:5)
  A giant eyeball (D:5)
  4 giant geckos
  3 oozes
  102 orcs
  5 ball pythons
  2 giant cockroaches
  16 goblins
  12 hobgoblins
  8 jackals
  19 kobolds
  11 quokkas
  7 bats
  A giant newt (D:3)
  A gnoll skeleton (D:5)
  A goblin skeleton (D:5)
  2 goblin zombies
  2 orc skeletons
  2 orc zombies (Orc:2)
  13 rats
  A rat skeleton (D:6)
  2 ballistomycetes (D:13)
  3 fungi
  3 plants
714 creatures vanquished.

Vanquished Creatures (collateral kills)
  A blizzard demon (IceCv)
  Harold (Lair:3)
  A hydra (Lair:3)
  2 death yaks (Lair:7)
  A harpy simulacrum (IceCv)
  An ettin simulacrum (IceCv)
  A big kobold (D:15)
  A giant frog (Lair:3)
  A crimson imp (D:15)
10 creatures vanquished.

Vanquished Creatures (others)
  An efreet (D:15)
  A two-headed ogre (IceCv)
  A grizzly bear (Lair:3)
  A black bear (Vaults:1)
  2 ogres
  A yak simulacrum (D:15)
  2 orcs (Orc:3)
  2 giant spores
  3 fungi (Lair:7)
14 creatures vanquished.

Grand Total: 738 creatures vanquished

Notes
Turn   | Place    | Note
--------------------------------------------------------------
     0 | D:1      | WrathOfTrog, the Centaur Berserker, began the quest for the Orb.
     0 | D:1      | Reached XP level 1. HP: 19/19 MP: 0/0
   186 | D:1      | Reached XP level 2. HP: 9/26 MP: 1/1
   234 | D:1      | Acquired Trog's second power
   328 | D:2      | Reached XP level 3. HP: 10/33 MP: 2/2
   366 | D:2      | Found a white marble altar of Elyvilon.
   505 | D:1      | Reached skill level 4 in Axes
   619 | D:2      | Noticed Terence
   629 | D:2      | Killed Terence
   814 | D:2      | Reached XP level 4. HP: 35/39 MP: 2/2
   977 | D:5      | Entered Level 5 of the Dungeon
   977 | D:5      | Noticed a phantom
   996 | D:5      | Reached skill level 5 in Axes
   997 | D:5      | Killed a phantom
   997 | D:5      | Reached XP level 5. HP: 23/45 MP: 3/3
  1161 | D:6      | Reached skill level 6 in Axes
  1312 | D:6      | Reached XP level 6. HP: 41/52 MP: 4/4
  1466 | D:6      | Noticed an ice beast
  1473 | D:6      | Killed an ice beast
  1473 | D:6      | Reached skill level 7 in Axes
  1561 | D:6      | Acquired Trog's third power
  1561 | D:6      | Reached XP level 7. HP: 51/58 MP: 4/4
  1866 | D:7      | Reached skill level 8 in Axes
  1961 | D:7      | Noticed a hippogriff
  1968 | D:7      | Killed a hippogriff
  1968 | D:7      | Reached skill level 9 in Axes
  1968 | D:7      | Reached XP level 8. HP: 39/66 MP: 5/5
  2034 | D:7      | Found a burning altar of Makhleb.
  2100 | D:7      | Noticed a hill giant skeleton
  2107 | D:7      | Killed a hill giant skeleton
  2125 | D:7      | Found Muvademu's Armour Shop.
  2233 | D:8      | Noticed Edmund
  2342 | D:9      | Found Coucs' Antique Weapon Emporium.
  2355 | D:9      | Reached skill level 10 in Axes
  2724 | D:8      | Found a viscous altar of Jiyva.
  2941 | D:9      | Noticed a two-headed ogre
  2949 | D:9      | Killed a two-headed ogre
  2949 | D:9      | Reached skill level 11 in Axes
  2949 | D:9      | Reached XP level 9. HP: 71/71 MP: 6/6
  3058 | D:10     | Entered Level 10 of the Dungeon
  3147 | D:10     | Found a staircase to the Orcish Mines.
  3165 | Orc:1    | Entered Level 1 of the Orcish Mines
  3514 | D:11     | Reached skill level 12 in Axes
  3545 | D:11     | Found a staircase to the Lair.
  3677 | Lair:1   | Entered Level 1 of the Lair of Beasts
  3709 | Lair:1   | Noticed a spiny frog
  3714 | Lair:1   | Killed a spiny frog
  3764 | Lair:1   | Noticed a spiny frog
  3774 | Lair:1   | Killed a spiny frog
  3774 | Lair:1   | Reached skill level 13 in Axes
  3826 | Lair:1   | Noticed an eight-headed hydra
  3849 | Lair:2   | Reached XP level 10. HP: 29/78 MP: 6/6
  3922 | Lair:1   | Noticed a spiny frog
  3927 | Lair:1   | Killed a spiny frog
  4030 | Lair:2   | Noticed a spiny frog
  4037 | Lair:2   | Received a gift from Trog
  4039 | Lair:2   | Killed a spiny frog
  4243 | Lair:2   | Reached skill level 14 in Axes
  4268 | Lair:2   | Noticed a griffon
  4852 | Lair:3   | Found a staircase to the Swamp.
  4852 | Lair:3   | Noticed a four-headed hydra
  4864 | Lair:3   | You fall through a shaft!
  4921 | Lair:6   | Noticed CrazyArbalest's ghost (powerful DsHu)
  4929 | Lair:6   | Killed CrazyArbalest's ghost
  4929 | Lair:6   | Reached skill level 15 in Axes
  4929 | Lair:6   | Reached XP level 11. HP: 84/84 MP: 7/7
  5522 | Lair:6   | Found a staircase to the Snake Pit.
  5525 | Lair:6   | Noticed a black mamba
  5531 | Lair:6   | Killed a black mamba
  5619 | Lair:6   | Noticed a black mamba
  5629 | Lair:6   | Killed a black mamba
  5636 | Lair:6   | Noticed a black mamba
  5637 | Lair:6   | Noticed a black mamba
  5638 | Lair:6   | Noticed a black mamba
  5928 | Lair:7   | Noticed an eight-headed hydra
  5960 | Lair:8   | Entered Level 8 of the Lair of Beasts
  5960 | Lair:8   | Found a viscous altar of Jiyva.
  5960 | Lair:8   | Found a staircase to the Slime Pits.
  5969 | Lair:8   | Noticed a six-headed hydra
  6131 | Lair:7   | Reached skill level 16 in Axes
  6164 | Lair:7   | Noticed a death yak
  6165 | Lair:7   | Noticed a death yak
  6230 | Lair:4   | Noticed sonasty's ghost (powerful MiBe)
  6268 | Lair:4   | Killed sonasty's ghost
  6325 | Lair:3   | Noticed Harold
  6344 | Lair:3   | Killed a four-headed hydra
  6356 | Lair:3   | Killed Harold
  6384 | Lair:3   | scroll PHUACOSING destroyed
  6644 | Orc:2    | Found Gidiucid's Magical Wand Boutique.
  6676 | Orc:2    | Bought a wand of hasting (4) for 672 gold pieces
  6772 | Orc:3    | Found a staircase to the Elven Halls.
  6918 | Orc:2    | Paralysed by an orc sorcerer for 4 turns
  6920 | Orc:2    | Noticed WrathOfTrog's ghost (experienced HOBe)
  6933 | Orc:2    | Killed WrathOfTrog's ghost
  6980 | Orc:2    | Noticed Josephine
  7268 | Orc:4    | Entered Level 4 of the Orcish Mines
  7268 | Orc:4    | Found Udeceph's Antique Weapon Emporium.
  7268 | Orc:4    | Found Subua's Magical Wand Emporium.
  7268 | Orc:4    | Found Esaa's Armour Shoppe.
  7268 | Orc:4    | Noticed an orc high priest
  7268 | Orc:4    | Noticed an orc high priest
  7268 | Orc:4    | Noticed an orc high priest
  7268 | Orc:4    | Noticed an orc high priest
  7270 | Orc:4    | Noticed a soul eater
  7273 | Orc:4    | Found Meepn's Weapon Shoppe.
  7562 | Orc:4    | Reached skill level 17 in Axes
  7562 | Orc:4    | Reached XP level 12. HP: 35/91 MP: 8/8
  8118 | D:14     | Entered Level 14 of the Dungeon
  8134 | D:14     | Received a gift from Trog
  8529 | D:12     | Reached skill level 5 in Fighting
  8735 | D:11     | Found Boedih's Jewellery Boutique.
  8739 | D:11     | Bought a cursed ring of hunger for 22 gold pieces
  8739 | D:11     | Bought a cursed ring of teleportation for 181 gold pieces
  8743 | D:11     | Identified a scroll of acquirement
  8949 | Lair:7   | Killed a death yak
  9130 | Lair:7   | Noticed a death yak
  9131 | Lair:7   | Noticed a death yak
  9132 | Lair:7   | Noticed a death yak
  9132 | Lair:7   | Noticed a death yak
  9132 | Lair:7   | Noticed a death yak
  9136 | Lair:7   | Noticed a death yak
  9169 | Lair:6   | You fall through a shaft!
  9514 | Lair:8   | Reached skill level 5 in Armour
  9786 | Lair:7   | Noticed a death yak
  9790 | Lair:7   | Noticed a death yak
  9794 | Lair:7   | Killed a death yak
  9801 | Lair:7   | Killed a death yak
  9802 | Lair:7   | Killed a death yak
  9802 | Lair:7   | Reached XP level 13. HP: 104/104 MP: 2/8
  9804 | Lair:7   | Killed a death yak
  9807 | Lair:7   | Killed a death yak
  9808 | Lair:7   | Killed a death yak
  9810 | Lair:7   | Killed a death yak
  9812 | Lair:7   | Killed a death yak
  9823 | Lair:7   | Killed a death yak
  9823 | Lair:7   | Reached skill level 1 in Evocations
 10507 | Orc:3    | Noticed Urug
 10669 | Orc:4    | Noticed an orc high priest
 10712 | Orc:3    | scroll UBIENA destroyed
 10807 | Orc:2    | Killed Josephine
 11065 | Orc:4    | Killed an orc high priest
 11311 | Orc:4    | Bought a +3 leather armour for 278 gold pieces
 11311 | Orc:4    | Bought a +0 pair of gauntlets of dexterity for 67 gold pieces
 11600 | D:14     | You fall through a shaft!
 11600 | D:15     | Entered Level 15 of the Dungeon
 11704 | D:15     | Found Ebuimn's General Store.
 11720 | D:15     | Found a labyrinth entrance.
 11732 | Lab      | Entered a labyrinth
 12598 | Lab      | Identified a +0 cloak of preservation (You found it in a labyrinth)
 12616 | Lab      | Identified a +6 rod of demonology (14/14) (You found it in a labyrinth)
 12634 | D:15     | Noticed WrathOfTrog's ghost (powerful DDBe)
 12654 | D:15     | Killed WrathOfTrog's ghost
 12662 | D:15     | HP: 4/104 [two-headed ogre/giant club[an ogre mage] (17)]
 12665 | D:15     | HP: 1/104 [wight/falchion (6)]
 12784 | D:13     | Reached skill level 5 in Dodging
 12923 | D:15     | Found a frozen archway.
 12968 | IceCv    | Entered an ice cave
 13186 | IceCv    | Reached XP level 14. HP: 112/112 MP: 4/12
 13209 | IceCv    | Noticed a blizzard demon
 13260 | IceCv    | Killed a blizzard demon
 13277 | IceCv    | Noticed a blizzard demon
 13317 | IceCv    | Killed a blizzard demon
 13522 | D:15     | Bought a bread ration for 64 gold pieces
 13522 | D:15     | Bought a potion of heal wounds for 48 gold pieces
 13522 | D:15     | Bought a scroll of recharging for 88 gold pieces
 13522 | D:15     | Bought a potion of curing for 32 gold pieces
 13788 | D:16     | You fall through a shaft!
 14103 | D:17     | Got a slimy robe
 14188 | D:15     | Found a staircase to the Vaults.
 14232 | Vaults:1 | Entered Level 1 of the Vaults
 14372 | Vaults:1 | Identified the +2 robe "Wuhidod" {+Rage} (You found it on level 17 of the Dungeon)
 14678 | Vaults:2 | Noticed a vault warden
 14681 | Vaults:2 | Noticed a vault warden
 14692 | Vaults:2 | Killed a vault warden
 14695 | Vaults:2 | Killed a vault warden
 14756 | Vaults:2 | Noticed a vault warden
 14938 | D:14     | Found a blossoming altar of Fedhas.
 15392 | D:17     | Reached skill level 18 in Axes
 15438 | D:17     | Noticed Agnes
 15448 | D:17     | Noticed Louise
 15616 | D:18     | Paralysed by a great orb of eyes for 7 turns
 15710 | D:18     | Noticed Mara
 15903 | D:19     | Found a portal to a secret trove of treasure.
 16324 | D:20     | Entered Level 20 of the Dungeon
 16374 | D:20     | Reached XP level 15. HP: 64/122 MP: 4/13
 16406 | D:20     | HP: 5/123 [flayed ghost (13)]
 16407 | D:20     | Mangled by a flayed ghost

Action                   |  1- 3 |  4- 6 |  7- 9 | 10-12 | 13-15 || total
-------------------------+-------+-------+-------+-------+-------++-------
Melee: Hand axe          |    91 |    75 |     4 |       |       ||   170
       War axe           |       |    19 |   222 |       |       ||   241
       Battleaxe         |       |       |    16 |   436 |       ||   452
       Executioner's axe |       |       |       |   226 |   705 ||   931
 Fire: Blowgun           |       |       |       |       |    12 ||    12
Invok: Berserk           |     2 |     6 |    15 |    33 |    18 ||    74
       Trog's Hand       |       |     2 |     3 |    42 |    44 ||    91
       Brothers in Arms  |       |       |       |     2 |     4 ||     6
       Burn Spellbooks   |       |       |       |       |     4 ||     4
 Abil: Evoke Teleportati |       |       |       |       |     1 ||     1
Evoke: Wand              |       |       |       |    21 |     4 ||    25
       Miscellaneous     |       |       |       |       |     1 ||     1
  Use: Potion            |       |     1 |     2 |     2 |     5 ||    10
       Scroll            |       |       |    11 |    11 |    25 ||    47
 Stab: Paralysed         |       |       |       |     3 |       ||     3
       Sleeping          |       |       |       |       |     1 ||     1
